 Dungeon Crawl Stone Soup version 0.31.0-11-ge490571c62 (webtiles) character file.

Game seed: 6983593861851667966

15684 mandarbmax the Brawler (level 12, -3/110 HPs)
             Began as a Ghoul Gladiator on Jan 28, 2024.
             Was a Follower of Makhleb.
             Slain by a cyan very ugly thing (25 damage)
             ... on level 12 of the Dungeon.
             The game lasted 00:31:02 (11775 turns).

mandarbmax the Brawler (Ghoul Gladiator)           Turns: 11775, Time: 00:31:02

Health: -3/110     AC: 10    Str: 23    XL:     12   Next: 29%
Magic:  15/15      EV:  8    Int:  7    God:    Makhleb [*.....]
Gold:   62         SH: 13    Dex: 10    Spells: 11/11 levels left

rFire   . .          .
                       - Unarmed
rCold   + . .        w - +0 kite shield
rNeg    + + +        h - +0 chain mail
rPois   ∞            b - +0 helmet
rElec   .            (no cloak)
rCorr   +            (no gloves)
SInv    .            (no boots)
Will    .....        f - amulet of reflection Stlth
                     d - ring of resist corrosion
HPRegen 0.00/turn    (no ring)
MPRegen 0.14/turn

%: reflection
@: inhibited regen
A: claws 1, cold resistance 1, negative energy resistance 3, inhibited
regeneration, torment resistance 2, devour on kill
a: Renounce Religion


You were on level 12 of the Dungeon.
You worshipped Makhleb.
Makhleb was aware of your devotion.
You visited 2 branches of the dungeon, and saw 13 of its levels.

You collected 660 gold pieces.
You spent 598 gold pieces at shops.

Inventory:

Missiles
 c - 5 throwing nets
 j - 5 poisoned darts (quivered)
 l - 13 boomerangs
 r - a javelin
 v - a curare-tipped dart
Armour
 b - a +0 helmet (worn)
 h - a +0 chain mail (worn)
 w - a +0 kite shield (worn)
Jewellery
 d - a ring of resist corrosion (left claw)
 f - an amulet of reflection (around neck)
Wands
 n - a wand of light (9)
 q - a wand of charming (18)
 x - a wand of polymorph (12)
Scrolls
 a - a scroll of revelation
 e - a scroll of brand weapon
 i - a scroll of summoning
 m - 5 scrolls of blinking
 p - a scroll of fog
 s - a scroll of poison
 u - a scroll of fear
 z - a scroll of vulnerability
 A - 2 scrolls of amnesia
Potions
 g - a potion of ambrosia
 k - 2 potions of heal wounds
 o - a potion of brilliance
 t - 7 potions of curing
 B - a potion of invisibility
 C - a potion of resistance
 D - 2 potions of might
 E - a potion of enlightenment {unknown}


   Skills:
 + Level 11.3 Fighting
 - Level 2.0 Throwing
 - Level 4.0 Armour
 - Level 3.0 Dodging
 - Level 4.0 Shields
 * Level 16.3 Unarmed Combat
 + Level 4.7 Invocations


You had 11 spell levels left.
You didn't know any spells.
Your spell library contained the following spells:

 Spells                   Type           Power      Damage    Failure   Level
 Apportation              Tloc           0%         N/A       99%         1
 Magic Dart               Conj           0%         1d3       99%         1
 Necrotise                Necr           0%         1d4       99%         1
 Blink                    Tloc           0%         N/A       100%        2
 Ensorcelled Hibernation  Hex/Ice        0%         N/A       100%        2
 Jinxbite                 Hex            0%         N/A       100%        2
 Searing Ray              Conj           0%         2d4       100%        2
 Call Canine Familiar     Summ           0%         N/A       100%        3
 Hailstorm                Conj/Ice       0%         3d5       100%        3
 Sigil of Binding         Hex            0%         N/A       100%        3
 Summon Ice Beast         Ice/Summ       0%         N/A       100%        3
 Vampiric Draining        Necr           0%         2d6       100%        3
 Animate Dead             Necr           0%         N/A       100%        4
 Cause Fear               Hex            0%         N/A       100%        4
 Dimensional Bullseye     Hex/Tloc       0%         N/A       100%        4
 Fulminant Prism          Conj/Alch      0%         3d5       100%        4
 Manifold Assault         Tloc           0%         N/A       100%        4
 Martyr's Knell           Necr/Summ      0%         N/A       100%        4
 Alistair's Intoxication  Alch           0%         N/A       100%        5
 Borgnjor's Vile Clutch   Necr/Erth      0%         N/A       100%        5
 Curse of Agony           Necr           0%         N/A       100%        5
 Metabolic Englaciation   Hex/Ice        0%         N/A       100%        5
 Summon Forest            Summ/Tloc      0%         N/A       100%        5
 Summon Mana Viper        Hex/Summ       0%         N/A       100%        5
 Bombard                  Conj/Erth      0%         9d1       100%        6
 Death Channel            Necr           0%         N/A       100%        6
 Eringya's Noxious Bog    Alch           0%         4d6       100%        6
 Sculpt Simulacrum        Ice/Alch       0%         N/A       100%        6
 Summon Hydra             Summ           0%         N/A       100%        7


Dungeon Overview and Level Annotations

Branches:
Dungeon (12/15)            Temple (1/1) D:6            Lair (0/5) D:11
    Orc (0/2) D:10

Altars:
Ashenzari
Cheibriados
Dithmenos
Fedhas
Gozag
Hepliaklqana
Kikubaaqudgha
Makhleb
Nemelex Xobeh
Okawaru
Qazlal
Ru
Sif Muna
Trog
Uskayaw
Vehumet
Wu Jian
Xom
Yredelemnul

Shops:
D:1 !   D:5 :*?(*


Innate Abilities, Weirdness & Mutations

You are immune to poison.
You have sharp fingernails.
Your flesh is cold resistant. (rC+)
You are immune to negative energy. (rN+++)
You do not regenerate when monsters are visible.
You are immune to unholy pain and torment.
You thrive by killing the living.


Message History

You mangle the vampire!!
You destroy the vampire!
Makhleb accepts your kill.
A cyan very ugly thing comes into view.
An eye of devastation comes into view.
Found a scroll of identify.
The cyan very ugly thing gurgles horribly!
The eye of devastation turns its gaze towards you.
The eye of devastation gazes at you. The bolt of devastation hits you!!
Your willpower is stripped away!
You scratch the two-headed ogre.
The two-headed ogre is lightly wounded.
You block the two-headed ogre's attack.
The two-headed ogre hits you with a +0 giant spiked club!
You are too injured to fight recklessly!
You are too injured to fight recklessly!
You are too injured to fight recklessly!
You are too injured to fight recklessly!
You are too injured to fight recklessly!
You are too injured to fight recklessly!
You are too injured to fight recklessly!
You are too injured to fight recklessly!
You are too injured to fight recklessly!
You are too injured to fight recklessly!
You are too injured to fight recklessly!
You are too injured to fight recklessly!
Unknown command.
A redback comes into view.
You feel your willpower return.
The cyan very ugly thing attacks as it pursues you!
You block the cyan very ugly thing's attack.
The cyan very ugly thing attacks as it pursues you!
The cyan very ugly thing pecks you!!
* * * LOW HITPOINT WARNING * * *
The cyan very ugly thing shocks you!!
* * * LOW HITPOINT WARNING * * *
You feel much better. The cyan very ugly thing pecks you!
* * * LOW HITPOINT WARNING * * *
The cyan very ugly thing shocks you!!
You die...

######### #........
############........
#...................
######.##########........
#........########<.......
#........................
####.......@########........
#..........u# ##........ ..
##...........# #........< ..
#............# #......... ..
#.........O### #......)).
#'#########....# #......)))
....##...##....## #.........
....#?....#.....####
#.........
.8..'.....#...O....#
#.........


You could see a cyan very ugly thing and a two-headed ogre.

Vanquished Creatures
  Fannar (D:11)
  Harold (D:10)
  Erica (D:10)
  3 two-headed ogres
  Joseph (D:10)
  A gargoyle (D:9)
  Psyche (D:11)
  A kobold demonologist (D:10)
  2 trolls
  2 hornets
  A shadow (D:11)
  3 slime creatures (D:11)
  2 vampires
  3 wyverns
  2 wraiths
  A basilisk (D:11)
  20 yaks
  3 water moccasins
  4 orc warriors
  2 ice beasts (D:6)
  5 black bears
  2 sky beasts (D:7)
  11 centaurs
  3 phantoms
  A kobold brigand (D:6)
  4 bullfrogs
  A gnoll sergeant (D:8)
  4 scorpions
  9 wights (D:7)
  16 killer bees
  A bombardier beetle (D:3)
  3 hounds
  A jelly (D:5)
  4 orc priests
  14 orc wizards
  2 iguanas (D:5)
  2 sleepcaps
  5 gnolls
  15 adders
  A river rat (D:5)
  2 white imps
  An ufetubus (D:7)
  6 dart slugs
  5 ribbon worms
  51 orcs
  9 endoplasms
  5 giant cockroaches
  7 goblins
  4 hobgoblins
  6 jackals
  2 quokkas
  17 ball pythons
  A bat (D:3)
  5 frilled lizards
  4 kobolds
  10 rats
294 creatures vanquished.

Vanquished Creatures (collateral kills)
  An ufetubus (D:7)
1 creature vanquished.

Vanquished Creatures (others)
  An orc wizard (D:10)
1 creature vanquished.

Grand Total: 296 creatures vanquished

Notes
Turn   | Place    | Note
-------+----------+-------------------------------------------
     0 | D:1      | mandarbmax the Ghoul Gladiator began the quest for the Orb.
     0 | D:1      | Reached XP level 1. HP: 17/17 MP: 1/1
    18 | D:1      | Found a faded altar of an unknown god.
   120 | D:1      | Reached XP level 2. HP: 24/24 MP: 2/2
   307 | D:1      | Found Kiloz's Distillery.
   528 | D:1      | Reached skill level 4 in Unarmed Combat
   532 | D:1      | Reached XP level 3. HP: 19/29 MP: 3/3
   811 | D:2      | Got the Guidebook on Cursed Transposition
  1309 | D:2      | Reached XP level 4. HP: 36/36 MP: 4/4
  1380 | D:2      | Reached skill level 5 in Unarmed Combat
  1725 | D:3      | Reached XP level 5. HP: 41/41 MP: 5/5
  1953 | D:3      | Reached skill level 6 in Unarmed Combat
  2322 | D:4      | Reached XP level 6. HP: 50/50 MP: 6/6
  2389 | D:4      | Reached skill level 7 in Unarmed Combat
  2401 | D:4      | Found a basalt altar of Yredelemnul.
  2523 | D:4      | Reached XP level 7. HP: 59/59 MP: 7/7
  2748 | D:4      | Found a broken altar of Ashenzari.
  2847 | D:4      | Reached skill level 8 in Unarmed Combat
  3112 | D:5      | Entered Level 5 of the Dungeon
  3154 | D:5      | Found Kies's Antique Weapon Shop.
  3169 | D:5      | Found Japillif's Magic Scroll Emporium.
  3181 | D:5      | Bought a scroll of poison for 44 gold pieces
  3181 | D:5      | Bought a scroll of teleportation for 33 gold pieces
  3291 | D:1      | Bought a potion of curing for 33 gold pieces
  3291 | D:1      | Bought a potion of might for 44 gold pieces
  3291 | D:1      | Bought a potion of heal wounds for 55 gold pieces
  3484 | D:5      | Found Zutuzag's Assorted Antiques.
  3490 | D:5      | Bought a scroll labelled ORCHUI SU XIAF for 27 gold pieces
  3510 | D:5      | Found Amessal's General Store.
  3635 | D:5      | Reached skill level 5 in Fighting
  3635 | D:5      | Reached XP level 8. HP: 28/68 MP: 8/8
  3638 | D:5      | Reached skill level 9 in Unarmed Combat
  3822 | D:5      | Found a blossoming altar of Fedhas.
  3996 | D:5      | Found Hotutoupsi's Book Shop.
  4500 | D:6      | Reached skill level 10 in Unarmed Combat
  4688 | D:6      | Got Zuffarea's Omnibus of Coarse Bad Luck
  4754 | D:6      | Found a staircase to the Ecumenical Temple.
  4773 | Temple   | Entered the Ecumenical Temple
  5158 | D:7      | Reached XP level 9. HP: 78/78 MP: 9/9
  5220 | D:7      | Reached skill level 11 in Unarmed Combat
  5668 | D:7      | Found an opulent altar of Gozag.
  6018 | D:7      | Reached skill level 12 in Unarmed Combat
  6549 | D:8      | Found a hazy altar of Hepliaklqana.
  6589 | D:8      | Noticed a hornet
  6609 | D:8      | Killed a hornet
  6610 | D:8      | Reached skill level 1 in Armour
  6610 | D:8      | Reached XP level 10. HP: 22/90 MP: 10/10
  6809 | D:8      | Found a shimmering altar of Xom.
  7005 | D:8      | Found a stormy altar of Qazlal.
  7081 | D:9      | Noticed a two-headed ogre
  7091 | D:9      | Killed a two-headed ogre
  7092 | D:9      | Reached skill level 13 in Unarmed Combat
  7531 | D:9      | Noticed a gargoyle
  7540 | D:9      | Killed a gargoyle
  7791 | D:9      | Reached skill level 1 in Shields
  8422 | D:10     | Entered Level 10 of the Dungeon
  8434 | D:10     | Noticed Harold
  8436 | D:10     | Reached skill level 14 in Unarmed Combat
  8450 | D:10     | Killed Harold
  8451 | D:10     | Reached XP level 11. HP: 76/99 MP: 11/11
  8479 | D:10     | Noticed Erica
  8497 | D:10     | Killed Erica
  8522 | D:10     | Reached skill level 10 in Fighting
  8970 | D:10     | Noticed Joseph
  8980 | D:10     | Killed Joseph
  9040 | D:10     | Found a burning altar of Makhleb.
  9044 | D:10     | Became a worshipper of Makhleb the Destroyer
  9099 | D:10     | Found a staircase to the Orcish Mines.
  9345 | D:10     | Reached skill level 15 in Unarmed Combat
  9465 | D:10     | Reached skill level 1 in Invocations
  9574 | D:11     | Noticed a two-headed ogre
  9585 | D:11     | Killed a two-headed ogre
  9736 | D:11     | Found a staircase to the Lair.
  9736 | D:11     | Noticed a red ugly thing
  9868 | D:11     | Reached * piety under Makhleb
 10027 | D:11     | Noticed a two-headed ogre
 10036 | D:11     | Killed a two-headed ogre
 10037 | D:11     | Reached XP level 12. HP: 85/110 MP: 14/14
 10263 | D:11     | Noticed Fannar
 10265 | D:11     | Noticed Psyche
 10271 | D:11     | Killed Psyche
 10295 | D:11     | Killed Fannar
 10296 | D:11     | Reached skill level 16 in Unarmed Combat
 11102 | D:5      | Bought a metallic inky potion for 24 gold pieces
 11298 | D:5      | Bought a potion of curing for 30 gold pieces
 11423 | D:1      | Bought 2 potions of heal wounds for 110 gold pieces
 11423 | D:1      | Bought a potion of resistance for 110 gold pieces
 11423 | D:1      | Bought 2 potions of might for 88 gold pieces
 11746 | D:12     | Noticed a two-headed ogre
 11748 | D:12     | Noticed a cyan very ugly thing
 11775 | D:12     | Slain by a cyan very ugly thing

Illustrated notes

Levels and vault maps discovered:
D:1:      spicycebolla_green_bress_n_ham, layout_loops_ring, serial_shops,
          shop_statue, basic_ecumenical_altar, minmay_ruptured
D:2:      layout_basic, hangedman_feature_mirror
D:3:      layout_basic
D:4:      layout_rooms, lemuel_coloured_pillars_altar,
          yredelemnul_altar_generic, serial_curves, eino_curves_02,
          eino_curves_02, minmay_crystal_water, minmay_box_of_dots
D:5:      wad_river_or_something, layout_basic, mainiacjoe_overflow_brackets,
          lightli_sewer_entry_pipes, serial_shops, shop,
          nicolae_shop_tiny_real_fake_doors, nicolae_shop_statue_plus,
          nicolae_shop_waterfront, shop
D:6:      layout_rooms, temple_statues
D:7:      layout_rooms, grunt_gozag_statues
D:8:      layout_cave_pools, mainiacjoe_overflow_swirl,
          nzn_hepliaklqana_mist_gate, columned_hall_lemuel,
          nicolae_concentric_dashed_squares_mild
D:9:      layout_irregular_city, marbit_many_paths, kennysheep_generic_room_15
D:10:     layout_basic, bloody_makhleb, hiddenorc2_lemuel, uniq_harold,
          uniq_erica, uniq_joseph
D:11:     layout_roguey, david_lair_generic, nicolae_straight_to_the_point,
          uniq_fannar, uniq_psyche
D:12:     minmay_wavy_crystal, layout_rooms, nicolae_trove_entry_crystal,
          minmay_three_doors
Temple:   dshaligram_water_room_temple

Skill      XL: |  1  2  3  4  5  6  7  8  9 10 11 12 |
---------------+-------------------------------------+-----
Throwing       | 2 |  2.0
Dodging        | 3 |  3.0
Unarmed Combat | 4 5 6 7 8 10 12 14 15 16 | 16.3
Fighting       | 4 5 6 8 9 11 | 11.3
Armour         | 1 4 |  4.0
Shields        | 3 4 |  4.0
Invocations    | 3 4 |  4.7

Action                     |  1- 3 |  4- 6 |  7- 9 | 10-12 || total
---------------------------+-------+-------+-------+-------++-------
  Melee: Unarmed           |    99 |   154 |   315 |   402 ||   970
         Punch             |     1 |     3 |    18 |     1 ||    23
  Throw: Javelin           |     1 |       |       |     2 ||     3
         Boomerang         |       |       |       |     6 ||     6
         Dart              |       |       |       |    23 ||    23
    Use: Scroll            |       |       |    14 |     8 ||    22
         Potion            |       |       |     5 |     4 ||     9
   Stab: Sleeping          |     1 |       |       |       ||     1
 Armour: Leather armour    |    42 |    81 |   256 |       ||   379
         Chain mail        |       |       |    30 |   272 ||   302
  Dodge: Dodged            |    44 |   103 |   210 |    95 ||   452
  Block: Other             |       |       |    11 |     6 ||    17
         Reflection        |       |       |     2 |    18 ||    20
         Kite shield       |       |       |       |   244 ||   244
